Unix NetHack Version 7.0.0 - last build Apr 4 2022 15:00:22 (1daa59f6fb2c1b90c2fc7f62aba2292257f152d9). Game began 2022-04-05 12:49:29, ended 2022-04-06 11:19:48. breadmaster, neutral female human Priestess ------- +...... |.....| # -.---- # |......#######|....| ######### |.@.f.| #|....| #------.- |.....| #......#####|.....b| ------- ------ |..\..<- -------- Breadmaster the Aspirant St:13 Dx:10 Co:12 In:17 Wi:15 Ch:9 Neutral S:265 Dlvl:3 $:33 HP:0(23) Pw:29(29) AC:7 Xp:2/33 T:963 Satiated Latest messages: This jackal corpse tastes okay. You finish eating the jackal corpse. There is a doorway here. You see here a partly eaten jackal corpse. There is a partly eaten jackal corpse here; eat it? [ynq] (n) y This jackal corpse tastes terrible! You finish eating the jackal corpse. You swap places with your kitten. You swap places with your kitten. You hear a pick striking rock. You kill the lichen! Welcome to experience level 2. You kill the sewer rat! You miss the sewer rat. The sewer rat bites! You kill the sewer rat! You kill the lichen! You see here a lichen corpse. t - a lichen corpse {20}. You swap places with your kitten. The jackal bites! You miss the jackal. The jackal bites! You hear a pick striking rock. You kill the jackal! Restoring save file... Hello breadmaster, the human Priestess, welcome back to xNetHack! You miss the lichen. You kill the lichen! Something is engraved here on the headstone. You read: "He got the upside, I got the downside.". You descend the stairs. You see here a copper statue of an acid blob. You see here a copper statue of an acid blob. You swap places with your kitten. The door resists! The door resists! The door resists! The door opens. You swap places with your kitten. You see here a copper statue of an acid blob. You swap places with your kitten. You see here a horn. w - a horn {18}. What do you want to use or apply? [g-ilnvw or ?*] w Improvise? [ynq] (q) y You start playing your horn. In what direction? 8 A bolt of cold blasts out of the horn! The bolt of cold bounces! The bolt of cold hits you! You die... Do you want your possessions identified? [ynq] (y) y Do you want to see your attributes? [ynq] (y) q Major events: Turn 1: breadmaster the neutral human Priestess entered the dungeon 2: hit with a wielded weapon for the first time 2: killed for the first time 47: ate for the first time - jackal corpse 47: consumed animal products for the first time, by eating a jackal corpse 119: entered new level 2, The Dungeons of Doom 455: entered new level 3, The Dungeons of Doom 521: entered new level 1, The Gnomish Mines 521: entered the Gnomish Mines 670: entered a shop 823: gained experience level 2 Inventory: Inventory: 507/675 weight (23/52 slots) Coins $ - 33 gold pieces {1} Amulets j - a copper amulet of guarding {24} Weapons r - a +0 plastic dagger {2} a - a blessed +1 mace (weapon in hand) {30} Armor m - a cursed -1 pair of cloth gauntlets of fumbling {6} c - a +0 small shield (being worn) {23} s - a +0 cloth plain cloak {10} b - a +0 robe (being worn) {12} Comestibles u - an apple {2} e - a clove of garlic {1} k - 3 food rations {60} o - a cursed food ration {20} f - a sprig of wolfsbane {1} t - 2 lichen corpses {40} Scrolls q - a blessed scroll of magic mapping {5} Spellbooks g - a spellbook of extra healing {45} l - a spellbook of healing {35} h - a spellbook of remove curse {45} Potions d - 4 potions of holy water {80} Wands n - a wand of undead turning (0:4) {7} Tools w - a frost horn (0:4) {18} i - an oil lamp {20} v - an oil lamp {20} Gems/Stones p - an amber stone {1} Breadmaster the Priestess's attributes: Background: You were an Aspirant, a level 2 human Priestess. You were neutral, on a mission for Brigit who was opposed by Lugh (lawful) and Manannan Mac Lir (chaotic). You were heterosexual. You were in the Dungeons of Doom, on level 3. You entered the dungeon 963 turns ago. You had 33 experience points, 7 more were needed to attain level 3. Your score was 265 before end-of-game adjustments. Basics: You had 0 out of 23 hit points. You had all 29 energy points (spell power). Your armor class was 7. Your wallet contained 33 zorkmids. Autopickup was off. Final Characteristics: Your strength was 13 (limit:18/100). Your dexterity was 10 (limit:18). Your constitution was 12 (limit:18). Your intelligence was 17 (limit:18). Your wisdom was 15 (limit:18). Your charisma was 9 (limit:18). Final Status: You were satiated. You were unencumbered. You were wielding a mace. You had basic skill with mace. Final Attributes: You were stridently aligned. You were guarded. You are dead. Miscellaneous: You never encountered a bones level. Total elapsed playing time was 1 hour, 45 minutes and 46 seconds. Vanquished creatures: a hobbit a gnome a gecko 8 jackals 2 kobolds 2 sewer rats a grid bug 4 lichens a kobold zombie 3 newts 24 creatures vanquished. No species were genocided or became extinct. Voluntary challenges: You were an atheist. You were illiterate. You never genocided any monsters. You never polymorphed an object. You never changed form. You never touched an artifact. You used no wishes. You never scared an enemy with impunity. You were celibate. You never generated conflict. Achievements: You entered the Gnomish Mines. You entered a shop. The Dungeons of Doom: levels 1 to 3 Level 1: A fountain. Level 2: A general store, a fountain, a grave. Stairs down to The Gnomish Mines. Level 3: <- You were here. A sink. Final resting place for you, killed by a bolt of cold. The Gnomish Mines: Level 3: Game over: __________ / \ / REST \ / IN \ / PEACE \ / \ | breadmaster | | 33 Au | | killed by a bolt | | of cold | | | | | | 2022 | *| * * * | * _________)/\\_//(\/(/\)/\//\/|_)_______ Goodbye breadmaster the Priestess... You died in The Dungeons of Doom on dungeon level 3 with 262 points, and 33 pieces of gold, after 963 moves. You were level 2 with a maximum of 23 hit points when you died.